 Dungeon Crawl Stone Soup version 0.25.1-2-g60ff931df9 (webtiles) character file.

Game seed: 9217966367588699524

3792 gruber the Magician (level 10, -16/77 HPs)
             Began as a Gnoll Skald on Sept 10, 2020.
             Was an Initiate of Gozag.
             Demolished by a two-headed ogre
             ... wielding a +0 giant spiked club
              (28 damage)
             ... on level 8 of the Dungeon.
             The game lasted 00:10:36 (8147 turns).

gruber the Magician (Gnoll Skald)                   Turns: 8147, Time: 00:10:36

Health: -16/77     AC:  6    Str: 14    XL:     10   Next: 16%
Magic:  27/29      EV: 14    Int: 18    God:    Gozag
Gold:   807        SH: 10    Dex: 15    Spells: 12/23 levels left

rFire    . . .     SeeInvis .   L - +1 long sword (vorpal)
rCold    . . .     Gourm    .   H - +1 kite shield {reflect}
rNeg     . . .     Faith    .   y - +0 leather armour {MR+}
rPois    .         Spirit   .   (no helmet)
rElec    .         Reflect  +   v - +0 cloak
rCorr    .         Harm     .   (no gloves)
MR       ++...                  l - +0 pair of boots
Stlth    +++.......             b - amulet of regeneration
HPRegen  0.62/turn              r - ring of protection from magic
MPRegen  0.21/turn              I - ring of magical power

@: no status effects
A: distributed training, fangs 1, strong nose
a: Potion Petition, Call Merchant, Bribe Branch, Renounce Religion


You were on level 8 of the Dungeon.
You worshipped Gozag.
Gozag was pleased with you.
You were not hungry.

You visited 1 branch of the dungeon, and saw 8 of its levels.

You collected 1024 gold pieces.
You spent 162 gold pieces at shops.
You paid 55 gold pieces to Gozag.

Inventory:

Hand Weapons
 a - a +0 spear
 o - a +2 dagger of venom
 L - a +1 vorpal long sword (weapon)
Missiles
 p - 23 poisoned darts (quivered)
Armour
 l - a +0 pair of boots (worn)
 v - a +0 cloak (worn)
 y - a +0 leather armour of magic resistance (worn)
 H - a +1 kite shield of reflection (worn)
Jewellery
 b - an amulet of regeneration (around neck)
 r - a ring of protection from magic (left hand)
 I - a ring of magical power (right hand)
Wands
 q - a wand of flame (40)
 C - a wand of polymorph (11)
 G - a wand of random effects (20)
Scrolls
 e - 3 scrolls of teleportation {unknown}
 f - 5 scrolls of identify {unknown}
 g - 3 scrolls of noise {unknown}
 h - 4 scrolls of remove curse
 n - 2 scrolls of amnesia {unknown}
 t - a scroll of fear {unknown}
 u - 3 scrolls of fog {unknown}
 x - a scroll of enchant weapon {unknown}
 E - a scroll of magic mapping {unknown}
 F - a scroll of enchant armour {unknown}
 K - a scroll of blinking {unknown}
Potions
 c - a potion of ambrosia {unknown}
 i - 2 potions of haste {unknown}
 j - 4 potions of heal wounds
 k - 4 potions of flight {unknown}
 m - a potion of resistance {unknown}
 s - a potion of stabbing {unknown}
 w - 3 potions of curing
 z - a potion of magic {unknown}
 A - a potion of mutation {unknown}
 D - a potion of berserk rage {unknown}
 J - a potion of brilliance {unknown}
Comestibles
 d - 6 rations


   Skills:
 + Level 6.8 Fighting
 + Level 4.9 Short Blades
 + Level 4.9 Long Blades
 + Level 4.9 Axes
 + Level 4.9 Maces & Flails
 + Level 6.8 Polearms
 + Level 4.9 Staves
 + Level 4.9 Slings
 + Level 4.9 Bows
 + Level 4.9 Crossbows
 + Level 4.9 Throwing
 + Level 5.6 Armour
 + Level 6.8 Dodging
 + Level 4.9 Stealth
 + Level 4.9 Shields
 + Level 4.9 Unarmed Combat
 + Level 7.1 Spellcasting
 + Level 4.0 Conjurations
 + Level 4.0 Hexes
 + Level 6.9 Charms
 + Level 4.0 Summonings
 + Level 4.0 Necromancy
 + Level 4.0 Translocations
 + Level 4.0 Transmutations
 + Level 4.0 Fire Magic
 + Level 4.0 Ice Magic
 + Level 4.0 Air Magic
 + Level 4.0 Earth Magic
 + Level 4.0 Poison Magic
 + Level 5.4 Invocations
 + Level 4.9 Evocations


You had 12 spell levels left.
You knew the following spells:

 Your Spells              Type           Power        Failure   Level  Hunger
a - Infusion              Chrm           ####         2%          1    None
b - Song of Slaying       Chrm           ####....     4%          2    None
c - Shroud of Golubria    Chrm/Tloc      ####..       8%          2    None
d - Ozocubu's Armour      Chrm/Ice       ####....     16%         3    ##.....
e - Spectral Weapon       Hex/Chrm       ####....     16%         3    ##.....

Your spell library contained the following spells:

 Spells                   Type           Power        Failure   Level  Hunger
 Swiftness                Chrm/Air       ####....     8%          2    None
 Magic Dart               Conj           ###.         9%          1    None
 Blink                    Tloc           N/A          14%         2    None
 Call Imp                 Summ           ###.....     14%         2    None
 Slow                     Hex            ###.....     14%         2    None
 Conjure Flame            Conj/Fire      ###.....     26%         3    ##.....
 Mephitic Cloud           Conj/Pois/Air  ###.....     26%         3    ##.....
 Recall                   Summ/Tloc      N/A          26%         3    ##.....
 Passage of Golubria      Tloc           N/A          65%         4    ####...
 Controlled Blink         Tloc           N/A          100%        8    #######


Dungeon Overview and Level Annotations

Branches:
Dungeon (8/15)             Temple (0/1) D:4
   Lair: D:8-11

Altars:
Cheibriados
Fedhas
Gozag
Nemelex Xobeh
Okawaru
Qazlal
Ru
Xom
Yredelemnul
The Shining One

Shops:
D:7 [

Annotations:
D:3 3 runed translucent doors, markt42's ghost, amateur GrFi


Innate Abilities, Weirdness & Mutations

Your experience applies equally to all skills.
You have very sharp teeth.
Your uncanny sense of smell can sniff out nearby items.


Message History

The two-headed ogre is moderately wounded.
Your spectral weapon hits the two-headed ogre but does no damage.
Unknown command.
Unknown command.
Unknown command.
You hit the two-headed ogre.
The two-headed ogre is moderately wounded.
Your spectral weapon hits the two-headed ogre.
The two-headed ogre hits you with a +0 giant spiked club!!
* * * LOW HITPOINT WARNING * * *
The two-headed ogre misses you.
Unknown command.
Unknown command.
Unknown command.
You barely miss the two-headed ogre.
The two-headed ogre is heavily wounded.
Your spectral weapon hits the two-headed ogre!
The two-headed ogre hits you with a +0 giant spiked club!!
You die...
Your body crumbles into a pile of gold.

##.#.......###.......#...#...#..
#.# ......# #...#..............
#.# .... #...#####...#...#..
#.####.## #...# #...........
#......######...###############
######.##.#.#......###
#....#.###.......
####.#.###O...... #.#...@(......
#...###....... #.#.# .......
###.# #+#+### #[. #### ∆


You could see a two-headed ogre and a friendly spectral +1 vorpal long sword.

Vanquished Creatures
  2 hippogriffs
  Sigmund (D:2)
  Menkaure (D:5)
  Duvessa (D:5)
  2 orc warriors (D:6)
  A hornet zombie (D:7)
  A phantom (D:4)
  6 ogres
  3 sky beasts
  An ice beast (D:8)
  A centaur (D:7)
  A gnoll sergeant (D:8)
  3 bullfrogs
  Dowan (D:5)
  4 killer bees (D:7)
  3 howler monkeys (D:7)
  A crimson imp (D:8)
  A bullfrog skeleton (D:4)
  Crazy Yiuf (D:6)
  3 hounds
  4 orc priests
  2 jellies
  Ijyb (D:3)
  3 centaur skeletons
  3 iguanas
  5 orc wizards
  7 worker ants
  A hound skeleton (D:4)
  A howler monkey zombie (D:7)
  3 gnolls (D:8)
  9 adders
  A shadow imp (D:7)
  An adder zombie (D:6)
  3 oozes
  3 adder skeletons
  3 worms
  5 dart slugs
  7 leopard geckos
  25 orcs
  5 giant cockroaches
  9 hobgoblins
  9 jackals
  7 kobolds
  2 ball pythons
  12 bats
  4 frilled lizards
  14 goblins
  A jackal skeleton (D:6)
  A leopard gecko skeleton (D:7)
  5 rats
194 creatures vanquished.

Vanquished Creatures (others)
  A spectral weapon (D:7)
1 creature vanquished.

Grand Total: 195 creatures vanquished

Notes
Turn   | Place    | Note
-------+----------+-------------------------------------------
     0 | D:1      | gruber the Gnoll Skald began the quest for the Orb.
     0 | D:1      | Reached XP level 1. HP: 20/20 MP: 6/6
   280 | D:1      | Reached XP level 2. HP: 26/26 MP: 4/7
   320 | D:1      | Learned a level 2 spell: Song of Slaying
   323 | D:1      | Learned a level 2 spell: Shroud of Golubria
   722 | D:2      | Noticed Sigmund
  1325 | D:3      | Reached XP level 3. HP: 31/31 MP: 7/9
  1335 | D:3      | Reached skill level 5 in Spellcasting
  1340 | D:3      | Learned a level 3 spell: Ozocubu's Armour
  1344 | D:3      | Learned a level 3 spell: Spectral Weapon
  1477 | D:3      | Reached skill level 1 in Invocations
  1595 | D:3      | Found a runed translucent gate.
  1595 | D:3      | Found a runed translucent gate.
  1595 | D:3      | Found a runed translucent gate.
  1640 | D:3      | Reached skill level 1 in Short Blades
  1640 | D:3      | Reached skill level 1 in Long Blades
  1640 | D:3      | Reached skill level 1 in Axes
  1640 | D:3      | Reached skill level 1 in Maces & Flails
  1640 | D:3      | Reached skill level 1 in Staves
  1640 | D:3      | Reached skill level 1 in Slings
  1640 | D:3      | Reached skill level 1 in Bows
  1640 | D:3      | Reached skill level 1 in Crossbows
  1640 | D:3      | Reached skill level 1 in Throwing
  1640 | D:3      | Reached skill level 1 in Stealth
  1640 | D:3      | Reached skill level 1 in Shields
  1640 | D:3      | Reached skill level 1 in Unarmed Combat
  1640 | D:3      | Reached skill level 1 in Evocations
  1658 | D:3      | Reached XP level 4. HP: 38/38 MP: 7/11
  1820 | D:3      | Noticed Ijyb
  1837 | D:3      | Killed Ijyb
  1837 | D:3      | Reached skill level 1 in Conjurations
  1837 | D:3      | Reached skill level 1 in Hexes
  1837 | D:3      | Reached skill level 1 in Summonings
  1837 | D:3      | Reached skill level 1 in Necromancy
  1837 | D:3      | Reached skill level 1 in Translocations
  1837 | D:3      | Reached skill level 1 in Transmutations
  1837 | D:3      | Reached skill level 1 in Fire Magic
  1837 | D:3      | Reached skill level 1 in Ice Magic
  1837 | D:3      | Reached skill level 1 in Air Magic
  1837 | D:3      | Reached skill level 1 in Earth Magic
  1837 | D:3      | Reached skill level 1 in Poison Magic
  1837 | D:3      | Reached XP level 5. HP: 26/43 MP: 9/12
  2411 | D:3      | Noticed markt42's ghost (amateur GrFi)
  2718 | D:2      | Killed Sigmund
  2718 | D:2      | Reached XP level 6. HP: 6/50 MP: 10/14
  3258 | D:2      | Reached skill level 5 in Fighting
  3258 | D:2      | Reached skill level 5 in Polearms
  3258 | D:2      | Reached skill level 5 in Dodging
  3732 | D:4      | Reached XP level 7. HP: 50/56 MP: 10/15
  4082 | D:4      | Found a basalt altar of Yredelemnul.
  4083 | D:4      | Found an opulent altar of Gozag.
  4083 | D:4      | Found a stormy altar of Qazlal.
  4087 | D:4      | Found a blossoming altar of Fedhas.
  4087 | D:4      | Found a sacrificial altar of Ru.
  4089 | D:4      | Found a shimmering altar of Xom.
  4257 | D:4      | Became a worshipper of Gozag Ym Sagoz the Greedy
  4312 | D:4      | Found a staircase to the Ecumenical Temple.
  4528 | D:5      | Entered Level 5 of the Dungeon
  4743 | D:5      | Noticed Menkaure
  4752 | D:5      | Killed Menkaure
  4752 | D:5      | Reached XP level 8. HP: 63/63 MP: 6/16
  5010 | D:5      | Noticed Duvessa
  5010 | D:5      | Noticed Dowan
  5024 | D:5      | Killed Duvessa
  5026 | D:5      | Killed Dowan
  5240 | D:5      | Found a snail-covered altar of Cheibriados.
  5754 | D:6      | Reached skill level 6 in Spellcasting
  6287 | D:6      | Found an iron altar of Okawaru.
  6478 | D:6      | Reached XP level 9. HP: 63/69 MP: 15/18
  6626 | D:6      | Found a runed translucent door.
  6627 | D:6      | Noticed Crazy Yiuf
  6640 | D:6      | Killed Crazy Yiuf
  7047 | D:7      | Found Xeonao's Armour Boutique.
  7060 | D:7      | Reached skill level 5 in Armour
  7096 | D:7      | Bought a +1 kite shield of reflection for 162 gold pieces
  7166 | D:7      | Reached skill level 5 in Invocations
  7518 | D:7      | Reached XP level 10. HP: 71/77 MP: 20/20
  7723 | D:7      | Found a sparkling altar of Nemelex Xobeh.
  7866 | D:8      | Reached skill level 7 in Spellcasting
  8067 | D:8      | Identified the Reference Book on Boosting Displacement
  8087 | D:8      | Found a glowing golden altar of the Shining One.
  8139 | D:8      | Noticed a two-headed ogre
  8147 | D:8      | Demolished by a two-headed ogre

Illustrated notes

Levels and vault maps discovered:
D:1:      beargit_arrival_greenhouse, layout_loops_ring,
          minmay_misc_feat_four_crosses
D:2:      layout_rooms, minmay_small_reverse_x, uniq_sigmund
D:3:      layout_basic, ebering_ghost_rock_garden, uniq_ijyb
D:4:      layout_basic, grunt_temple_overflow_open,
          minmay_temple_entry_enclosed_plants
D:5:      layout_layer_cave, lemuel_crystal_altar, first_ration,
          minmay_crystal_water, uniq_duvessa, uniq_menkaure
D:6:      layout_rooms, kennysheep_okawaru_gauntlet, st_stairs_8,
          uniq_crazy_yiuf_cottage
D:7:      layout_gridville, lemuel_doored_altar, serial_shops,
          nicolae_shop_competitors_out_of_business
D:8:      layout_basic, lemuel_coloured_pillars_altar,
          nicolae_overflow_crystal_walls, kennysheep_little_box

Skill      XL: |  1  2  3  4  5  6  7  8  9 10 |
---------------+-------------------------------+-----
Spellcasting   | 5 6 7 |  7.1
Invocations    | 1 2 3 4 5 |  5.4
Short Blades   | 1 2 3 4 |  4.9
Long Blades    | 1 2 3 4 |  4.9
Axes           | 1 2 3 4 |  4.9
Maces & Flails | 1 2 3 4 |  4.9
Staves         | 1 2 3 4 |  4.9
Slings         | 1 2 3 4 |  4.9
Bows           | 1 2 3 4 |  4.9
Crossbows      | 1 2 3 4 |  4.9
Throwing       | 1 2 3 4 |  4.9
Stealth        | 1 2 3 4 |  4.9
Shields        | 1 2 3 4 |  4.9
Unarmed Combat | 1 2 3 4 |  4.9
Evocations     | 1 2 3 4 |  4.9
Conjurations   | 1 2 3 4 |  4.0
Hexes          | 1 2 3 4 |  4.0
Summonings     | 1 2 3 4 |  4.0
Necromancy     | 1 2 3 4 |  4.0
Translocations | 1 2 3 4 |  4.0
Transmutations | 1 2 3 4 |  4.0
Fire Magic     | 1 2 3 4 |  4.0
Ice Magic      | 1 2 3 4 |  4.0
Air Magic      | 1 2 3 4 |  4.0
Earth Magic    | 1 2 3 4 |  4.0
Poison Magic   | 1 2 3 4 |  4.0
Armour         | 3 4 5 |  5.6
Fighting       | 5 6 |  6.8
Polearms       | 5 6 |  6.8
Dodging        | 5 6 |  6.8
Charms         | 6 |  6.9

Action                   |  1- 3 |  4- 6 |  7- 9 | 10-12 || total
-------------------------+-------+-------+-------+-------++-------
Melee: Spear             |    86 |       |    18 |       ||   104
       Bite              |     5 |    22 |    33 |     5 ||    65
       Dagger            |       |   195 |   231 |       ||   426
       Punch             |       |     3 |     4 |       ||     7
       Flail             |       |       |    65 |    60 ||   125
       Long sword        |       |       |       |     7 ||     7
Throw: Dart              |       |     1 |     1 |     1 ||     3
 Cast: Infusion          |    11 |       |     7 |     2 ||    20
       Song of Slaying   |     2 |     5 |     7 |     1 ||    15
       Shroud of Golubri |     1 |       |     7 |     2 ||    10
       Spectral Weapon   |     3 |     9 |    25 |     2 ||    39
  Use: Scroll            |       |       |     1 |       ||     1
 Stab: Sleeping          |       |     3 |     4 |     4 ||    11
       Distracted        |       |       |     3 |       ||     3
  Eat: Chunk             |     3 |     7 |     2 |       ||    12
       Ration            |       |       |     3 |     1 ||     4
Armor: Leather armour    |     9 |    38 |    54 |    22 ||   123
Dodge: Dodged            |    58 |   168 |   227 |    33 ||   486
Block: Kite shield       |       |       |    34 |    38 ||    72
